 Dungeon Crawl Stone Soup version 0.31-a0-441-g867994ef1c (webtiles) character file.

Game seed: 13471899542602427515

164 garrulousMonolith the Changeling (level 5, 0/34 HPs)
             Began as an Octopode Shapeshifter on Aug 3, 2023.
             Splashed by a jelly's acid (7 damage)
             ... on level 4 of the Dungeon.
             The game lasted 00:02:45 (2325 turns).

garrulousMonolith the Changeling (OpSh)             Turns: 2325, Time: 00:02:45

Health: 0/34       AC: -3    Str: 16    XL:     5   Next: 45%
Magic:  5/5        EV: 13    Int: 17    God:
Gold:   88         SH:  0    Dex: 12    Spells: 3/4 levels left

rFire   . .          .
                       - Unarmed
rCold   + . .        (no shield)
rNeg    . . .        (helmet currently unavailable)
rPois   .            (no amulet)
rElec   .            g - ring of protection from cold
rCorr   .            p - +6 ring of intelligence
SInv    .            (no ring)
Will    .....        (no ring)
Stlth   +++          (no ring)
HPRegen 0.25/turn    (no ring)
MPRegen 0.09/turn    (no ring)
                     (no ring)

%: no passive effects
@: beast-form, corroded
A: beast (slay +2), almost no armour, amphibious, 8 rings, camouflage 1,
gelatinous body 1, (nimble swimmer 1), tentacles
a: Begin Untransformation


You were on level 4 of the Dungeon.
You were a hulking beast.
You visited 1 branch of the dungeon, and saw 4 of its levels.

You collected 88 gold pieces.

Inventory:

Hand Weapons
 s - the +4 sling "Opaity Seas" {flame, +Blink rC- Str-3 Dex+7}
   (You found it on level 3 of the Dungeon)

   Str:       It affects your strength (-3).
   Dex:       It affects your dexterity (+7).
   rC:        It makes you vulnerable to cold.
   +Blink:    It lets you blink.
 u - the +4 flail "Imafapn" {heavy, MP+9 Stlth+}
   (You found it on level 4 of the Dungeon)

   MP:        It affects your magic capacity (+9).
   Stlth:     It makes you more stealthy.
Missiles
 t - 4 poisoned darts
Jewellery
 c - a ring of fire
 g - a ring of protection from cold (left tentacle)
 p - a +6 ring of intelligence (right tentacle)
 w - an amulet of reflection
Talismans
 b - a beast talisman (active)
 e - a granite talisman
Wands
 v - a wand of roots (5)
Scrolls
 d - a scroll of immolation
 h - a scroll of fog {unknown}
 i - a scroll of revelation {unknown}
 l - a scroll of enchant weapon {unknown}
 m - a scroll of blinking {unknown}
 n - a scroll of brand weapon {unknown}
 q - a scroll of enchant armour {unknown}
Potions
 a - a potion of haste {unknown}
 f - 2 potions of attraction
 j - a potion of degeneration {unknown}
 k - a potion of enlightenment {unknown}
 o - a potion of heal wounds {unknown}
 r - a potion of lignification


   Skills:
 + Level 2.2 Fighting
 + Level 2.8 Dodging
 + Level 2.6 Stealth
 + Level 3.5 Unarmed Combat
 * Level 3.8 Shapeshifting


You had 3 spell levels left.
You knew the following spells:

 Your Spells              Type           Power      Damage    Failure   Level
a - Apportation           Tloc           0%         N/A       24%         1

Your spell library contained the following spells:

 Spells                   Type           Power      Damage    Failure   Level
 Necrotise                Necr           0%         1d4       24%         1
 Summon Small Mammal      Summ           0%         N/A       24%         1
 Cigotuvi's Dreadful Rot  Necr/Pois/Air  0%         N/A       34%         2
 Dispel Undead            Necr           0%         3d6       93%         4
 Death Channel            Necr           0%         N/A       100%        6


Dungeon Overview and Level Annotations

Branches:
Dungeon (4/15)
 Temple: D:4-7

Altars:
Yredelemnul


Innate Abilities, Weirdness & Mutations

You are a hulking beast.
Your limbs bulge with bestial killing power. (Slay +2)
You cannot wear most types of armour.
You are amphibious.
You can wear up to eight rings at the same time.
Your skin changes colour to match your surroundings (Stealth+).
Your rubbery body absorbs attacks. (AC +1, EV +1)
((You are camouflaged when in or above water. (Stealth+)))
You have tentacles for arms and can constrict up to eight enemies at once.


Message History

You tentacle-slap the iguana but do no damage.
The iguana is severely wounded.
You constrict the iguana, but do no damage.
The iguana closely misses you.
You tentacle-slap the iguana.
You kill the iguana!
You start resting.
HP restored.
v - a wand of roots (5)
You open the door.
A giant cockroach comes into view.
There is an open door here.
The helpless giant cockroach fails to defend itself.
You tentacle-slap the giant cockroach.
You kill the giant cockroach!
You see here a staff of air.
You open the door.
There is an open door here.
A jelly comes into view.
Found a twisted zirconium amulet.
You see here an amulet of reflection.
w - an amulet of reflection The jelly quivers.
The jelly completely misses you.
You tentacle-slap the jelly. The acid corrodes you!
Your tentacles burn!
The jelly is moderately wounded.
The jelly closely misses you.
You tentacle-slap the jelly.
Your tentacles burn!
The jelly is heavily wounded.
The jelly hits you.
You are splashed with acid!
You bludgeon the jelly!
Your tentacles burn!
The jelly is almost dead.
The jelly barely misses you.
You tentacle-slap the jelly.
Your tentacles burn!
* * * LOW HITPOINT WARNING * * *
The jelly is almost dead.
The jelly hits you.
* * * LOW HITPOINT WARNING * * *
You are splashed with acid!
You die...

##### ...##
... #J# #h#
#.# #####
#.# #...#
#.# #.#.#
#.# #.#.#
###.#.#.#.#
##.....#.#.#
#..#.#.#.#.#
#.##.#.#.#.#


You could see a jelly.

Vanquished Creatures
  An iguana (D:4)
  4 adders (D:2)
  4 gnolls (D:2)
  3 dart slugs
  2 orcs (D:3)
  4 bats
  An endoplasm (D:2)
  5 giant cockroaches
  4 goblins
  7 hobgoblins
  2 jackals (D:2)
  4 quokkas
  3 ball pythons
  4 frilled lizards
  5 kobolds
  5 rats
58 creatures vanquished.

Notes
Turn   | Place    | Note
-------+----------+-------------------------------------------
     0 | D:1      | garrulousMonolith the Octopode Shapeshifter began the quest
                  | for the Orb.
     0 | D:1      | Reached XP level 1. HP: 13/13 MP: 1/1
   413 | D:1      | Reached XP level 2. HP: 13/18 MP: 2/2
   537 | D:1      | Reached skill level 1 in Stealth
   798 | D:2      | Reached XP level 3. HP: 23/23 MP: 3/3
   804 | D:2      | Reached XP level 4. HP: 16/29 MP: 4/4
  1429 | D:2      | Reached XP level 5. HP: 34/34 MP: 5/5
  1743 | D:2      | Learned a level 1 spell: Apportation
  2006 | D:3      | Found a basalt altar of Yredelemnul.
  2014 | D:3      | Identified the +4 sling "Opaity Seas" {flame, +Blink rC-
                  | Str-3 Dex+7}
  2219 | D:4      | Identified the +4 flail "Imafapn" {heavy, MP+9 Stlth+}
  2325 | D:4      | Splashed by a jelly's acid

Illustrated notes

Levels and vault maps discovered:
D:1:      tarquinn_simple_flora_water_b, layout_loops_ring
D:2:      minmay_alternating_diamond, layout_basic,
          chequers_serial_rivers_micro_b
D:3:      layout_rooms, mainiacjoe_overflow_alcove_2
D:4:      layout_basic

Skill      XL: |  1  2  3  4 |
---------------+-------------+-----
Stealth        | 1 2 |  2.6
Fighting       | 2 |  2.2
Dodging        | |  2.8
Unarmed Combat | |  3.5
Shapeshifting  | |  3.8

Action                     |  1- 3 |  4- 6 || total
---------------------------+-------+-------++-------
  Melee: Unarmed           |    35 |    68 ||   103
         Constrict         |     8 |    15 ||    23
         Tentacles         |     2 |    13 ||    15
         Punch             |     1 |     2 ||     3
    Use: Potion            |     2 |       ||     2
         Scroll            |     1 |       ||     1
   Stab: Sleeping          |     9 |    12 ||    21
 Armour: Skin              |     6 |     5 ||    11
  Dodge: Dodged            |    15 |    26 ||    41

Table legend: (Time is in decaauts)
 A = Elapsed time spent in this place.
 B = Non-inter-level travel time spent in this place.
 C = Inter-level travel time spent in this place.
 D = Time resting spent in this place.
 E = Time spent auto-exploring this place.
 F = Levels seen in this place.
 G = Mean time per level.
                   A        B        C        D        E       F      G
               +--------+--------+--------+--------+--------+-----+--------+
         Total |   2317 |   2226 |     91 |    204 |   1640 |   4 |  579.2 |
       Dungeon |   2317 |   2226 |     91 |    204 |   1640 |   4 |  579.2 |
               +--------+--------+--------+--------+--------+-----+--------+

Top non-repeatable levels by time:
     D:2: 1094 daAuts
     D:1: 659 daAuts
     D:3: 386 daAuts
     D:4: 177 daAuts
